 Dungeon Crawl Stone Soup version 0.29.1-15-g9cfb28693d (webtiles) character file.

Game seed: 3578303943395132494

83 hawla the Firebug (level 5, -7/38 HPs)
             Began as a Meteoran Fire Elementalist on Mar 18, 2023.
             Killed from afar by an electric eel (9 damage)
             ... with a bolt of electricity
             ... on level 7 of the Dungeon.
             The game lasted 00:02:27 (403 turns).

hawla the Firebug (Meteoran Fire Elementalist)       Turns: 403, Time: 00:02:28

Health: -7/38      AC:  3    Str: 10    XL:     5   Next: 2%
Magic:  8/11       EV: 12    Int: 18    God:
Gold:   66         SH:  0    Dex: 14    Spells: 3/10 levels left

rFire   . . .      SeeInvis .   (no weapon)
rCold   . . .      Faith    .   (no shield)
rNeg    . . .      Spirit   .   a - +1 robe
rPois   .          Reflect  .   (no helmet)
rElec   .          Harm     .   (no cloak)
rCorr   .          Rampage  .   (no gloves)
Will    .....                   (no boots)
Stlth   +.........              (no amulet)
HPRegen 0.12/turn               (no ring)
MPRegen 0.12/turn               (no ring)

@: glowing
A: sense surroundings 1, otherworldly, glowing, explore regen
a: no special abilities


You were on level 7 of the Dungeon.
You visited 1 branch of the dungeon, and saw 5 of its levels.

You collected 66 gold pieces.

Inventory:

Armour
 a - a +1 robe (worn)
Wands
 e - a wand of flame (16) (quivered)
Potions
 c - 3 potions of might


   Skills:
 - Level 2.8 Dodging
 - Level 1.4 Stealth
 - Level 3.4 Spellcasting
 + Level 3.0 Conjurations
 - Level 4.7 Fire Magic


You had 3 spell levels left.
You knew the following spells:

 Your Spells              Type           Power      Damage    Failure   Level
a - Foxfire               Conj/Fire      68%        2x1d7     3%          1
b - Scorch                Fire           40%        2d7       3%          2
c - Flame Wave            Conj/Fire      17%        2d7       30%         4

Your spell library contained the following spells:

 Spells                   Type           Power      Damage    Failure   Level
 Conjure Flame            Conj/Fire      17%        6-21      10%         3
 Inner Flame              Hex/Fire       11%        N/A       19%         3
 Alistair's Intoxication  Tmut/Pois      2%         N/A       99%         5


Dungeon Overview and Level Annotations

Branches:
Dungeon (4/15) Zot: 2597
 Temple: D:4-7

Altars:


Innate Abilities, Weirdness & Mutations

You passively map a small area around you.
You are easily found by Zot.
You glow in the dark.
You regain HP and MP as you explore.


Message History

The white imp shouts!
An electric eel comes into view. x2
Casting: Foxfire (safe; 4% risk of failure)
Confirm with . or Enter, or press ? or * to list all spells.
You conjure some foxfire!
The foxfire hits the howler monkey.
The howler monkey is lightly wounded.
The foxfire hits the white imp!
The white imp is burned terribly!
The white imp is severely wounded.
Unknown command.
Casting: Foxfire (safe; 4% risk of failure)
Confirm with . or Enter, or press ? or * to list all spells.
You conjure some foxfire!
The foxfire hits the howler monkey.
The howler monkey is heavily wounded.
A centaur comes into view.
The foxfire hits the howler monkey.
The howler monkey is severely wounded.
The white imp gestures at you. The puff of frost hits you!
As you read the scroll labelled UCSIOLOL JUDD, it crumbles to dust.
It is a scroll of enchant armour.
Your +0 robe glows green for a moment.
The foxfire hits the howler monkey.
The howler monkey is almost dead.
The foxfire hits the howler monkey.
You kill the howler monkey!
The white imp gestures at you. The puff of frost misses you.
The electric eel shoots out a bolt of lightning at you!
The bolt of electricity hits the plant!
The plant begins to die.
The bolt of electricity hits you!
The centaur wields a +0 shortbow.
The centaur shoots an arrow.
The arrow hits you.
You hear a shout!
Your Conjurations skill gained 2 levels and is now at level 3!
You have reached level 5!
The air fills with toxic fumes!
As you read the scroll labelled GAIW JOISENUOD, it crumbles to dust.
It was a scroll of poison.
The centaur shoots an arrow.
The arrow hits you!
* * * LOW HITPOINT WARNING * * *
The electric eel shoots out a bolt of lightning at you!
The bolt of electricity hits the plant!
The bolt of electricity hits you!
You die...

,*.....#.............#...
§§§§§§#.###.........#...
,
,P§§§§§§.§§..........#.#.
§♣§§§§§.§§..........# *
§§§§§§§#§##.........# ~
§S§#§§§§§§..........# ~
§SP§§§§§§######......,
§♣5§§§§§§#######.....
♣c§§§§§@§§§§§§§..... .. ,
§###§§§§#####§§.... ..
#§§§§§ , ,. .. , +§§§§§§,
, , .. , ,, #§§§#§§§ ...
.. * .§§§§ §§§§ ...
,..##.. .§§§§# §§§###..
,...,.. , §§§§§
,§§§§....#...#... , , ,,
....... ...#...


You could see a centaur, 2 electric eels and a white imp.

Vanquished Creatures
  A howler monkey (D:7)
  2 adders (D:2)
  A white imp (D:7)
  A worm (D:3)
  2 orcs (D:7)
  2 ball pythons (D:2)
  4 goblins
  2 bats (D:2)
  A frilled lizard (D:2)
  2 kobolds (D:2)
18 creatures vanquished.

Vanquished Creatures (others)
  45 foxfires
45 creatures vanquished.

Grand Total: 63 creatures vanquished

Notes
Turn   | Place    | Note
-------+----------+-------------------------------------------
     0 | D:1      | hawla the Meteoran Fire Elementalist began the quest for
                  | the Orb.
     0 | D:1      | Reached XP level 1. HP: 14/14 MP: 5/5
    81 | D:2      | Got the Compendium of Interference and the Spider
   108 | D:2      | Reached XP level 2. HP: 20/20 MP: 3/6
   111 | D:2      | Learned a level 2 spell: Scorch
   119 | D:2      | Reached skill level 4 in Fire Magic
   148 | D:2      | Reached XP level 3. HP: 26/26 MP: 3/8
   260 | D:4      | You fall into a shaft and drop 3 floors!
   371 | D:7      | Reached XP level 4. HP: 29/33 MP: 2/10
   376 | D:7      | Learned a level 4 spell: Flame Wave
   401 | D:7      | Noticed a centaur
   403 | D:7      | Reached XP level 5. HP: 13/38 MP: 8/11
   403 | D:7      | Killed from afar by an electric eel

Illustrated notes

Levels and vault maps discovered:
D:1:      dpeg_arrival_signposts, layout_loops_cross
D:2:      minmay_kobold_bridge, layout_basic, solitary_fountain
D:3:      minmay_angry_zag, layout_loops_corners, nzn_wu_jian_council_hall,
          ebering_ghost_rock_garden
D:4:      layout_basic, lemuel_coloured_pillars_altar, temple_fountains,
          cheibrodos_sewer_entry_drain
D:7:      layout_basic, grunt_temple_overflow_opulence,
          mainiacjoe_overflow_brackets, serial_bayou_pond_b, uniq_pikel

Skill      XL: |  1  2  3  4 |
---------------+-------------+-----
Fire Magic     | 4 |  4.7
Spellcasting   | 3 |  3.4
Conjurations   | 3 |  3.0
Dodging        | |  2.8
Stealth        | |  1.4

Action                   |  1- 3 |  4- 6 || total
-------------------------+-------+-------++-------
Melee: Unarmed           |     4 |       ||     4
 Cast: Foxfire           |    22 |     3 ||    25
       Scorch            |     7 |       ||     7
  Use: Scroll            |     4 |     2 ||     6
       Potion            |     1 |       ||     1
Armor: Robe              |     1 |       ||     1
Dodge: Dodged            |     4 |     1 ||     5
